Cogmind - Beta 9.2 @@@ ROGUE MODE // 2019.11.29 @ 20:40:28 Player: Demise Result: Destroyed by L-31 Rogue with Katana Performance ------------- Evolutions (0) 0 Regions Visited (4) 800 Robots Destroyed (25) 125 Value Destroyed (345) 345 Prototype IDs (22) 440 Alien Tech Used (0) 0 Bonus (300) 300 TOTAL SCORE: 2010 Bonus ------- Aligned with FarCom 300 Cogmind --------- Core Integrity 0/250 Matter 268/300 Energy 70/100 System Corruption 0% Temperature Cool (0) Movement Walking (210) Ox3 Location -9/Mines Parts ------- > --- POWER (1) -------- (None) > --- PROPULSION (2) --- Aluminum Leg > --- UTILITY (2) ------ High-capacity Storage Unit Seismic Analyzer > --- WEAPON (2) ------- Mini Grenade Launcher > --- INVENTORY (12) --- High-capacity Storage Unit Lightpack 2.0 Medium Battery (200) Large Matter Pod (92) Improved Sensor Array Improved Signal Interpreter Improved Terrain Scanner Rocket Launcher Mining Laser Peak State ------------ > --- POWER ------------ (None) > --- PROPULSION ------- Aluminum Leg Aluminum Leg > --- UTILITY ---------- Large Storage Unit Seismic Analyzer > --- WEAPON ----------- Particle Gun Autogun > --- INVENTORY -------- Aluminum Leg Lightpack 2.0 Improved Sensor Array Improved Signal Interpreter Improved Terrain Scanner Rocket Launcher Mini Grenade Launcher Mining Laser [Rating: 11] Favorites ----------- Power Ion Engine Engine Ion Engine Propulsion Aluminum Leg Leg Aluminum Leg Wheel Wheel Utility Seismic Analyzer Device Improved Terrain Scanner Storage Large Storage Unit Processor Seismic Analyzer Weapon Autogun Energy Gun Particle Gun Ballistic Gun Autogun Launcher Rocket Launcher Special Weapon Mining Laser Build | -11 -10 -10 -10 -9 ------- Run | Scr Mat Min Exi Min Slots Evolved . | . . . . . Power . | . . . . . Propulsion . | . . . . . Utility . | . . . . . Weapon . | . . . . . Parts Attached 24 | 7 8 4 3 2 Power 2 | 1 1 . . . Engine 2 | 1 1 . . . Core . | . . . . . Reactor . | . . . . . Propulsion 6 | 2 . 3 . 1 Treads . | . . . . . Leg 4 | . . 3 . 1 Wheel 2 | 2 . . . . Hover . | . . . . . Flight . | . . . . . Utility 5 | 2 2 . 1 . Device 1 | 1 . . . . Storage 2 | . 1 . 1 . Processor 2 | 1 1 . . . Hackware . | . . . . . Protection . | . . . . . Artifact . | . . . . . Weapon 11 | 2 5 1 2 1 Energy Gun 2 | 1 . . 1 . Energy Cannon . | . . . . . Ballistic Gun 6 | 1 4 . 1 . Ballistic Cannon . | . . . . . Launcher 2 | . . 1 . 1 Special Weapon 1 | . 1 . . . Impact Weapon . | . . . . . Slashing Weapon . | . . . . . Piercing Weapon . | . . . . . Special Melee Weapon . | . . . . . Unidentified Prototypes . | . . . . . Parts Lost 9 | . 1 4 . 4 Power 1 | . . 1 . . Propulsion 4 | . . 2 . 2 Utility . | . . . . . Weapon 4 | . 1 1 . 2 Highest Loss Streak 4 | . 1 2 . 4 Average Slot Usage (%) 88 | . 98 90 81 70 Engine 6 | . 14 12 . . Leg 15 | . . 6 28 21 Wheel 11 | . 28 15 . . Device 3 | . 9 . . . Storage 10 | . 4 14 14 14 Processor 14 | . 14 14 14 14 Energy Gun 6 | . 3 . 10 10 Ballistic Gun 15 | . 21 20 10 10 Launcher 2 | . . 6 3 . Naked Turns . | . . . . . Heaviest Build 38 | 9 25 26 38 38 Greatest Support 20 | 20 20 20 20 20 Greatest Overweight (x) 10 | 2 1 8 1 10 Average Overweight (x) . | . . 1 . 2 Largest Inventory Capacity 12 | 4 10 10 12 12 Average Capacity 8 | 4 5 10 10 12 Most Carried 12 | 4 9 10 12 12 Average Carried 7 | 3 4 9 10 11 Final Capacity 12 | 4 10 10 12 12 Final Carried 12 | 4 9 10 12 10 Class Distribution -------------------- 100% | Mutant Dominant Class ---------------- Mutant | -10/Materials Mutant | -10/Mines Mutant | -10/Exiles Mutant | -9/Mines Resources | -11 -10 -10 -10 -9 ----------- Run | Scr Mat Min Exi Min Matter Collected 533 | 285 122 68 58 . Remotely . | . . . . . Salvage Created 592 | 242 220 103 . 27 Parts 46 | 21 19 3 . 3 Haulers Intercepted 1 | . 1 . . . Recyclers Shooed . | . . . . . Parts Field Recycled . | . . . . . Retrieved Matter . | . . . . . Parts Self-Destructed . | . . . . . Prevented . | . . . . . Kills | -11 -10 -10 -10 -9 ------- Run | Scr Mat Min Exi Min Combat Hostiles Destroyed 16 | . 6 9 . 1 Guns 6 | . 6 . . . AOE 10 | . . 9 . 1 Classes Destroyed 7 | 3 3 1 . . Worker 2 | 2 . . . . Tunneler 5 | 5 . . . . Hauler 1 | . 1 . . . Recycler 1 | 1 . . . . Swarmer 6 | . 3 3 . . Grunt 6 | . 3 2 . 1 Assembled 4 | . . 4 . . Best Kill Streak 6 | 6 5 6 . 1 Combat Bots Only 6 | . 5 6 . 1 Max Kills in Single Turn 6 | 1 1 6 . 1 Gunslinging . | . . . . . Exploded 6 | . . 6 . 1 Melee . | . . . . . Uniques/NPCs Destroyed . | . . . . . Combat | -11 -10 -10 -10 -9 -------- Run | Scr Mat Min Exi Min Damage Taken 1051 | 30 305 292 . 424 Core 251 | . 81 36 . 134 Absorbed by Shields . | . . . . . Core Remaining (%) 100 | 100 . . . . Volleys Fired 56 | 15 29 5 . 7 Largest 2 | 2 2 1 . 2 Hottest 100 | 60 100 33 . 88 Shots Fired 97 | 30 49 5 . 13 Gun 88 | 30 46 . . 12 Cannon . | . . . . . Launcher 6 | . . 5 . 1 Special 3 | . 3 . . . Kinetic 53 | 15 32 . . 6 Thermal 9 | . 3 . . 6 Explosive 6 | . . 5 . 1 Electromagnetic 29 | 15 14 . . . Robot Hit Streak 7 | 7 5 4 . 7 Robot Miss Streak 2 | 2 2 . . 2 Penetration Max . | . . . . . Secondary Targets 1 | . 1 . . . Max Gunslinging Chain 1 | . 1 . . . Shots Hit Robots 57 | 19 28 1 . 9 Core Hits 51 | 10 13 24 . 4 Critical Hits . | . . . . . Critical Kills . | . . . . . Critical Parts Destroyed . | . . . . . Melee Attacks . | . . . . . Impact . | . . . . . Slashing . | . . . . . Piercing . | . . . . . Sneak Attacks . | . . . . . Combat Hostiles . | . . . . . Follow-up Attacks . | . . . . . Damage Inflicted 1625 | 248 357 750 . 270 Guns 676 | 222 316 . . 138 Cannons . | . . . . . Explosions 940 | 26 34 750 . 130 Melee . | . . . . . Ramming 9 | . 7 . . 2 Kinetic 311 | 48 204 . . 59 Thermal 139 | 26 34 . . 79 Explosive 880 | . . 750 . 130 Electromagnetic 286 | 174 112 . . . Impact . | . . . . . Slashing . | . . . . . Piercing . | . . . . . Highest Corruption . | . . . . . Average Corruption . | . . . . . Corruption Purged . | . . . . . Overload Shots . | . . . . . Overflow Damage 40 | . . 40 . . Projectiles . | . . . . . Explosions 40 | . . 40 . . Melee . | . . . . . Knockbacks . | . . . . . Impact . | . . . . . Kinetic . | . . . . . Secondary . | . . . . . Self-Inflicted Damage 123 | 30 3 41 . 49 Shots 3 | 1 . 1 . 1 Rammed 2 | . 1 . . 1 Targets Rammed 2 | . 1 . . 1 Kicked . | . . . . . Crushed . | . . . . . Highest Temperature 128 | 40 66 . . 128 Average Temperature 29 | 19 19 . . 74 Received Heat Transfer 201 | . 90 21 . 90 Siege Activations . | . . . . . Robots Corrupted . | . . . . . Combat Hostiles . | . . . . . Parts Fried 3 | 2 1 . . . Impact Corruptions . | . . . . . Robots Melted . | . . . . . Combat Hostiles . | . . . . . Parts Melted . | . . . . . Heat Transferred 235 | . 50 . . 185 Parts Sabotaged . | . . . . . Parts Stolen . | . . . . . Parts Stripped . | . . . . . Power Chain Reactions 2 | 1 1 . . . Missiles Intercepted . | . . . . . Alert | -11 -10 -10 -10 -9 ------- Run | Scr Mat Min Exi Min Peak Influence 309 | 40 309 200 . . Average Influence 142 | 19 204 134 . . Maximum Alert Level 1 | . 1 1 . . Low Security (%) 58 | 100 21 93 . 100 Level 1 41 | . 78 6 . . Level 2 . | . . . . . Level 3 . | . . . . . Level 4 . | . . . . . Level 5 . | . . . . . High Security . | . . . . . Max Security . | . . . . . Squads Dispatched 2 | . 2 . . . Investigation . | . . . . . Extermination . | . . . . . Reinforcement 2 | . 2 . . . Assault . | . . . . . Garrison . | . . . . . Intercept . | . . . . . Construction Impeded . | . . . . . Haulers Reinforced . | . . . . . Stealth | -11 -10 -10 -10 -9 --------- Run | Scr Mat Min Exi Min Distress Signals 1 | . 1 . . . Communications Jammed . | . . . . . Distress Signals . | . . . . . Times Spotted 28 | . 15 10 . 3 Peak Tracking Total 8 | . 6 8 . 3 Tactical Retreats 2 | . 2 . . . Traps | -11 -10 -10 -10 -9 ------- Run | Scr Mat Min Exi Min Traps Triggered . | . . . . . Indirectly . | . . . . . Trap Hack Attempts . | . . . . . Triggered . | . . . . . Disarmed . | . . . . . Reprogrammed . | . . . . . Reused . | . . . . . Traps Extracted . | . . . . . Installed . | . . . . . Triggered . | . . . . . Machines | -11 -10 -10 -10 -9 ---------- Run | Scr Mat Min Exi Min Machines Disabled 1 | . 1 . . . Max in Single Turn 1 | . 1 . . . Machines Sabotaged . | . . . . . Garrisons Compromised . | . . . . . Overloaded Fab Kills . | . . . . . Fab Network Shutdowns . | . . . . . Hacking | -11 -10 -10 -10 -9 --------- Run | Scr Mat Min Exi Min Machines Accessed 3 | . 2 . 1 . Terminals 2 | . 2 . . . Fabricators . | . . . . . Repair Stations . | . . . . . Recycling Units . | . . . . . Scanalyzers . | . . . . . Garrison Access . | . . . . . Total Hacks 9 | . 8 . 1 . Successful 4 | . 3 . 1 . Failed 5 | . 5 . . . Catastrophic . | . . . . . Database Lockouts . | . . . . . Manual 9 | . 8 . 1 . Terminals 8 | . 8 . . . Fabricators . | . . . . . Repair Stations . | . . . . . Recycling Units . | . . . . . Scanalyzers . | . . . . . Garrison Access . | . . . . . Terminal Hacks 2 | . 1 . 1 . Branch Access Points 1 | . 1 . . . EX-Prototype ID Bank 1 | . . . 1 . Fabricator Hacks . | . . . . . Repair Station Hacks . | . . . . . Recycling Unit Hacks . | . . . . . Scanalyzer . | . . . . . Garrison Access Hacks . | . . . . . Unauthorized Hacks 7 | . 7 . . . Terminals 2 | . 2 . . . Botnet 2 | . 2 . . . Fabricators . | . . . . . Repair Stations . | . . . . . Recycling Units . | . . . . . Scanalyzers . | . . . . . Garrison Access . | . . . . . Data Cores Recovered . | . . . . . Used . | . . . . . Hacking Detections 2 | . 2 . . . Full Trace Events . | . . . . . Feedback Events . | . . . . . Feedback Blocked . | . . . . . Robot Schematics Acquired . | . . . . . Robots Built . | . . . . . Matter . | . . . . . Time . | . . . . . Total Robot Build Rating . | . . . . . Part Schematics Acquired . | . . . . . Parts Built . | . . . . . Matter . | . . . . . Time . | . . . . . Total Part Build Rating . | . . . . . Parts Repaired . | . . . . . Time . | . . . . . Parts Recycled . | . . . . . Recycled Matter . | . . . . . Retrieved Matter . | . . . . . Retrieved Components . | . . . . . Parts Scanalyzed . | . . . . . Part Schematics Acquired . | . . . . . Parts Damaged . | . . . . . Bothacking | -11 -10 -10 -10 -9 ------------ Run | Scr Mat Min Exi Min Used RIF Installer . | . . . . . Robots Hacked . | . . . . . Non-combat . | . . . . . Combat . | . . . . . Robot Hacks Applied . | . . . . . Relay Couplers Released . | . . . . . Robots Rewired . | . . . . . Allies Hacked . | . . . . . Hacks Repelled . | . . . . . Allies | -11 -10 -10 -10 -9 -------- Run | Scr Mat Min Exi Min Total Allies . | . . . . . Largest Group . | . . . . . Highest-Rated Group . | . . . . . Highest-Rated Ally . | . . . . . Total Orders . | . . . . . Ally Attacks . | . . . . . Total Damage . | . . . . . Kills . | . . . . . Allies Corrupted . | . . . . . Allies Melted . | . . . . . Intel | -11 -10 -10 -10 -9 ------- Run | Scr Mat Min Exi Min Robot Analysis Total . | . . . . . Derelict Logs Recovered 2 | . . 2 . . Drone Launches . | . . . . . Drone Recoveries . | . . . . . Exploration | -11 -10 -10 -10 -9 ------------- Run | Scr Mat Min Exi Min Turns Passed 1232 | 124 356 180 533 39 Spaces Moved 875 | 73 282 138 373 9 Core 16 | 11 . 4 . 1 Treads . | . . . . . Legs 400 | . . 19 373 8 Wheels 459 | 62 282 115 . . Hover . | . . . . . Flight . | . . . . . Fastest Speed 50 | 50 80 90 120 150 Average Speed 112 | 76 82 109 140 201 Slowest Speed 550 | 150 90 450 150 550 Overloaded Moves . | . . . . . Propulsion Burnouts . | . . . . . Robots Hopped . | . . . . . Cave-ins Triggered . | . . . . . Exploration Rate (%) 34 | 3 63 30 70 5 Regions Visited 4 Branch Regions 3 Pre-discovered Areas . | . . . . . Known Exits Taken 1 | . 1 . . . Unknown Exits Taken 3 | 1 . 1 1 . Scrap Searched 1 | . . 1 . . Spaces Dug 2 | . 2 . . . Terrain Destroyed 81 | 5 8 56 . 12 Melee . | . . . . . Projectile 2 | . 2 . . . AOE 79 | 5 6 56 . 12 Actions | -11 -10 -10 -10 -9 --------- Run | Scr Mat Min Exi Min Total 1032 | 111 358 160 384 19 Wait 38 | 9 18 11 . . Move 871 | 72 281 137 372 9 Hop . | . . . . . Pick Up 27 | 7 12 3 5 . Fast Attach 8 | 5 3 . . . Attach 8 | 2 1 2 1 2 Detach . | . . . . . Swap 8 | . 4 2 2 . Drop 14 | 1 9 . 4 . Fire 56 | 15 29 5 . 7 Melee . | . . . . . Ram 1 | . 1 . . . Kick 1 | . . . . 1 Crush . | . . . . . Escape Stasis . | . . . . . Rewire . | . . . . . Trap . | . . . . . Miscellaneous . | . . . . . Route ------- -11/Scrapyard -10/Materials (discovered 3 exits: [*Mat x2] / *Min) -10/Mines -10/Exiles -9/Mines History --------- Turn | Location | Event 10 | -11/Scrapyard | Discovered new exit (range 16) 125 | -11/Scrapyard | Entered Materials 207 | -10/Materials | Discovered new exit (range 14) 308 | -10/Materials | Build established: Mutant 339 | -10/Materials | Identified exit to Mines 408 | -10/Materials | Discovered new exit (range 4) 481 | -10/Materials | Entered Mines 484 | -10/Mines | Met a Derelict bent on vengeance 486 | -10/Mines | Learned location of 1 exit from Materials 507 | -10/Mines | Learned Materials emergency access door positions 573 | -10/Mines | Assembled infested the area 584 | -10/Mines | Deemed a non-threat by the Exiles lab entrance 584 | -10/Mines | Discovered new exit (range 5) 603 | -10/Mines | Met 8R-AWN 661 | -10/Mines | Entered Exiles 691 | -10/Exiles | Welcomed by 8R-AWN 711 | -10/Exiles | Met EX-HEX 792 | -10/Exiles | Met EX-BIN 805 | -10/Exiles | Aligned with FarCom system 806 | -10/Exiles | Given EX-Vault access code 843 | -10/Exiles | Opened EX-Vault 854 | -10/Exiles | Found Lightpack 2.0 889 | -10/Exiles | Warned to stay clear of 0b10 Research branches 931 | -10/Exiles | Met EX-DEC 1174 | -10/Exiles | Discovered new exit (range 15) 1194 | -10/Exiles | Left Exiles lab with Lightpack 2.0 1194 | -10/Exiles | Entered Mines 1196 | -9/Mines | Core integrity fell below 50% 1232 | -9/Mines | Core integrity fell below 20% 1233 | -9/Mines | Destroyed by L-31 Rogue with Katana Last Messages --------------- few of HEX's prototypes. EX-DEC: Ah I see we have a visitor. One wrong move in here and I'll invert your atomic chain! 00933_ EX-DEC: "Oops, I hope HEX didn't hear that..." 00976_ Extracted 4 energy. 00978_ Acquired Med. Battery. 01076_ Dropped Lrg. Storage Unit. 01079_ Acquired Hcp. Storage Unit. 01094_ Extracted 58 matter. 01095_ Acquired Lrg. Matter Pod. 01174_ EXIT=FOUND LOCATION=UNKNOWN GOAL=ESCAPE 01194_ Receiving FarCom transmissions... 01220_ Critical hit. 01220_ Autogun destroyed. 01221_ Particle Gun destroyed. 01222_ Slammed into G-34 Mercenary. 01223_ Aluminum Leg destroyed. 01233_ G-34 Mercenary destroyed. Map ----- +----------------------------------------------------+ | | | | | | | | | | | | | | | | | | | | | | | | | | | | | | | ????????????????????????????????????? | | ????????????????????????????????????? | | ?????????????????????########???????? | | ?????????????????????# #???????? | | ?????????????????????# """ #???????? | | ?????????????????????# """ #???????? | | ???????????????####### """ #???????? | | ???????????????#$ #???????? | | ?????????????????????# #???????? | | ?????????????????????# #???????? | | ?????????????????????### @ ##???????? | | ?????????# ###### l #???????? | | ??????????# [%g #???????? | | ????????????# #### = ##???????? | | ?????????????????????##### ????????? | | ?????????????????????????? #????????? | | ?????????????????????????? #????????? | | ?????????????????????????? #????????? | | ?????????????????????????? #????????? | | ??????????????????????????##????????? | | ????????????????????????????????????? | | ????????????????????????????????????? | | ????????????????????????????????????? | | ????????????????????????????????????? | | ????????????????????????????????????? | | ????????????????????????????????????? | | ????????????????????????????????????? | | ????????????????????????????????????? | | ????????????????????????????????????? | | ????????????????????????????????????? | | ????????????????????????????????????? | | ????????????????????????????????????? | | ????????????????????????????????????? | | ????????????????????????????????????? | | ????????????????????????????????????? | +----------------------------------------------------+ Best States ------------- Heat Dissipation 25 Energy Generation 10 Energy Capacity 250 Matter Stores 300 Matter Capacity 300 Sight Range 16 Terrain Scan Range 16 Terrain Scan Density 60 Evasion (%) 50 Item Schematics ----------------- None Robot Schematics ------------------ None Fabricated ------------ Nothing Alien Tech Used ----------------- None Achievements -------------- None Challenges ------------ None Game ------ Seed HoverArmorDoublenader Manual? 0 Play Time 00:14:19 Cumulative 132.5 hours Start 2019.11.29 @ 15:55:24 End 2019.11.29 @ 20:40:28 Sessions 3 Manual Loads 0 Difficulty Rogue Special Mode None Game No. 177 Rogue 166 Adventurer 11 Explorer 0 Win Type - Total 0 Types 0/0/0/0/0/0/0 Lore% 45 Gallery% 58 Achievement% 40 Wizard Run 0 Options --------- ASCII 0 Keyboard 1 Movement Numpad Keybinds 0 Fullscreen 1 Font 12/Terminus Map View 83x54 Tactical HUD 1 Map Filters NONE Filters NONE Steam 1 RUN: cc76b95b-7a7f-4c3b-a3fb-0cb3bd098203